 Dungeon Crawl Stone Soup version 0.17-a0-1778-gd369669 (webtiles) character file.

254 4thArraOfDagon the Ruffian (level 5, -1/53 HPs)
             Began as a Troll Chaos Knight on Sept 8, 2015.
             Was a Believer of Cheibriados.
             Succumbed to poison (poison gas)
             ... on level 7 of the Dungeon.
             The game lasted 00:04:40 (1246 turns).

4thArraOfDagon the Ruffian (Troll Chaos Knight)     Turns: 1246, Time: 00:04:40

Health: -1/53      AC:  7    Str: 24    XL:     5   Next: 90%
Magic:  5/5        EV: 11    Int: 13    God:    Cheibriados [**....]
Gold:   119        SH:  0    Dex: 13    Spells: 0 memorised, 4 levels left

rFire  . . .     SeeInvis .     d - 3 scrolls of blinking {unknown}
rCold  . . .     Clarity  .     a - +2 robe
rNeg   . . .     SustAt   .     (no shield)
rPois  .         Gourm    +     (helmet restricted)
rElec  .         Spirit   .     (no cloak)
rCorr  .         Warding  .     (gloves unavailable)
rMut   .         Stasis   .     (boots unavailable)
MR     .....                    (no amulet)
Stlth  ++........               (no ring)
                                l - ring of stealth

@: lethally poisoned (-1 -> -32), very slightly contaminated, very slow, not
resistant to hostile enchantments, unstealthy
A: unfitting armour, claws 3, fast metabolism 3, gourmand, regeneration 2,
shaggy fur 1, tough skin 2
a: Bend Time, Renounce Religion


You were on level 7 of the Dungeon.
You worshipped Cheibriados.
Cheibriados was pleased with you.
You were full.

You visited 1 branch of the dungeon, and saw 7 of its levels.

You collected 119 gold pieces.

Inventory:

Missiles
 r - 8 curare-tipped needles
Armour
 a - a +2 robe (worn)
Jewellery
 l - a ring of stealth (left claw)
Magical devices
 s - a wand of lightning (10)
Scrolls
 d - 3 scrolls of blinking (in claw) {unknown}
 f - 4 scrolls of identify {unknown}
 i - a scroll of teleportation {unknown}
 j - a scroll of immolation {unknown}
 k - a scroll of fear {unknown}
 p - a scroll of remove curse {unknown}
Potions
 e - a potion of haste
 m - a potion of cure mutation {unknown}
 n - a potion of poison {unknown}
 o - a potion of curing {unknown}
 q - a potion of heal wounds {unknown}
Comestibles
 b - 5 bread rations
 c - a royal jelly
 g - a meat ration
 h - 4 fruits


   Skills:
 + Level 3.3 Fighting
 + Level 3.0 Dodging
 * Level 4.6 Unarmed Combat
 + Level 1.9 Invocations


You had 4 spell levels left.
You didn't know any spells.

Dungeon Overview and Level Annotations

Branches:
Dungeon (7/15)             Temple (0/1) D:6

Altars:
Cheibriados


Innate Abilities, Weirdness & Mutations

You are too large for most types of armour.
You have claws for hands.
Your metabolism is lightning-fast.
You like to eat raw meat.
You heal very quickly.
You are covered in fur (AC +1).
You have very tough skin (AC +2).


Message History

You swing at nothing.
You swing at nothing.
You swing at nothing.
Xom's attention turns to you for a moment.
Venomous gases pour from your claws!
You swing at nothing.
You are engulfed in poison gas.
You are poisoned.
You feel sick.
You swing at nothing.
You are engulfed in poison gas.
You are more poisoned.
You feel sick.
You swing at nothing.
You are engulfed in poison gas.
You are more poisoned.
* * * LOW HITPOINT WARNING * * *
You feel very sick.
You swing at nothing.
You are engulfed in poison gas.
You are more poisoned.
* * * LOW HITPOINT WARNING * * *
You die...
Xom thinks this is hilarious!

### ..# #.# ##### #.#
###### #...#
#.###§§...#
###.#.###..§@§§...#
###
#.........§#.§...(#
..#
##........#§#.####
..#####....##.......#
............#)##....#
.........##.#.#####.#
.........##.#.# ..
.........##.#.# ##
[.######....#.#


There were no monsters in sight!

Vanquished Creatures
  A giant frog (D:6)
  A crimson imp (D:7)
  An orc priest (D:4)
  A jelly (D:7)
  A hound skeleton (D:6)
  An adder (D:3)
  A shadow imp (D:4)
  4 worms
  A giant gecko (D:4)
  2 orcs (D:4)
  7 bats
  5 hobgoblins
  4 jackals (D:1)
  2 quokkas
  3 giant cockroaches
  2 giant newts
  6 goblins
  7 kobolds
  7 rats
57 creatures vanquished.

Notes
Turn   | Place    | Note
--------------------------------------------------------------
     0 | D:1      | 4thArraOfDagon the Troll Chaos Knight began the quest for the Orb.
     0 | D:1      | Reached XP level 1. HP: 22/22 MP: 0/0
    35 | D:1      | XOM: potion effect (berserk rage)
   111 | D:1      | Reached XP level 2. HP: 29/29 MP: 1/1
   155 | D:2      | Found a snail-covered altar of Cheibriados.
   164 | D:2      | XOM: silly message
   165 | D:2      | Fell from the grace of Xom
   165 | D:2      | Became a worshipper of Cheibriados the Contemplative
   506 | D:1      | XOM: 2-stop teleportation journey
   513 | D:1      | Reached XP level 3. HP: 36/36 MP: 2/2
   575 | D:1      | Acquired Cheibriados's first power
   743 | D:3      | Reached XP level 4. HP: 44/44 MP: 3/3
   849 | D:4      | Reached skill level 4 in Unarmed Combat
   849 | D:4      | Reached skill level 1 in Invocations
   917 | D:3      | XOM: summons 3 hostile shadow creatures
   952 | D:5      | Entered Level 5 of the Dungeon
  1015 | D:6      | Noticed a giant frog
  1037 | D:6      | Killed a giant frog
  1037 | D:6      | Reached XP level 5. HP: 28/53 MP: 3/5
  1050 | D:6      | Found a staircase to the Ecumenical Temple.
  1154 | D:7      | XOM: summons 4 hostile shadow creatures
  1155 | D:7      | Noticed a water moccasin
  1166 | D:7      | Killed a water moccasin
  1242 | D:7      | XOM: medium Air miscast
  1246 | D:7      | Succumbed to poison (poison gas)

Vault maps used:
D:1:      dpeg_arrival_tiny_d, serial_park_tiny_1
D:2:      cheibriados_altar_1
D:4:      serial_shops, shop, uniq_crazy_yiuf_cottage, uniq_edmund
D:5:      first_bread
D:6:      minmay_temple_entry_glass, lemuel_another_geyser, uniq_eustachio
D:7:      old_standard_altar, kennysheep_generic_room_15

Action                   |  1- 3 |  4- 6 || total
-------------------------+-------+-------++-------
Melee: Unarmed           |   128 |    78 ||   206
  Use: Potion            |       |     1 ||     1
 Stab: Sleeping          |       |     1 ||     1
  Eat: Chunk             |    13 |       ||    13
